 Dungeon Crawl Stone Soup version 0.22-a0-348-gd16d1391c7 (webtiles) character file.

171 Laan the Shield-Bearer (level 5, -2/33 HPs)
             Began as a Gargoyle Fighter on Apr 7, 2018.
             Killed by nerve-wracking pain
             ... invoked by Grinder
              (6 damage)
             ... on level 3 of the Dungeon.
             The game lasted 00:02:40 (1470 turns).

Laan the Shield-Bearer (Gargoyle Fighter)           Turns: 1470, Time: 00:02:40

Health: -2/33      AC: 11    Str: 20    XL:     5   Next: 51%
Magic:  5/5        EV:  7    Int:  9    God:
Gold:   104        SH:  9    Dex:  9    Spells: 4/4 levels left

rFire    . . .     SeeInvis .   r - +0 hand axe (venom)
rCold    . . .     Gourm    .   c - +0 shield
rNeg     + . .     Faith    .   b - +0 scale mail
rPois    ∞         Spirit   .   (no helmet)
rElec    +         Reflect  .   (no cloak)
rCorr    .         Harm     .   (no gloves)
MR       .....                  (no boots)
Stlth    ..........             (no amulet)
HPRegen  0.11/turn              (no ring)
MPRegen  0.09/turn              (no ring)

@: no status effects
A: negative energy resistance 1, electricity resistance, unbreathing,
petrification resistance, rot immunity, AC +4
a: no special abilities


You were on level 3 of the Dungeon.
You were hungry.

You visited 1 branch of the dungeon, and saw 3 of its levels.

You collected 104 gold pieces.

Inventory:

Hand Weapons
 a - a +0 war axe
 r - a +0 hand axe of venom (weapon)
Armour
 b - a +0 scale mail (worn)
 c - a +0 shield (worn)
Scrolls
 e - a scroll of amnesia {unknown}
 i - 4 scrolls of teleportation {unknown}
 j - a scroll of fog {unknown}
 l - a scroll of enchant weapon {unknown}
 m - a scroll of blinking {unknown}
 n - a scroll of fear {unknown}
 q - a scroll of immolation {unknown}
Potions
 d - 2 potions of might
 h - 2 potions of haste {unknown}
 k - 2 potions of heal wounds {unknown}
 o - a potion of resistance {unknown}
 p - a potion of lignification {unknown}
 s - a potion of berserk rage {unknown}
Comestibles
 f - 5 rations
 g - 5 chunks of flesh


   Skills:
 + Level 4.1 Fighting
 * Level 3.4 Axes
 + Level 4.1 Armour
 + Level 4.1 Shields


You had 4 spell levels left.
You didn't know any spells.

Dungeon Overview and Level Annotations

Branches:
Dungeon (3/15)

Altars:

Annotations:
D:3 Grinder


Innate Abilities, Weirdness & Mutations

You are resistant to torment.
Your stone body is resilient. (AC +4)
You are immune to poison.
You resist negative energy. (rN+)
You are resistant to electric shocks. (rElec)
You can survive without breathing.
You are immune to petrification.
You are immune to rotting.


Message History

Grinder is heavily wounded.
Grinder hits you but does no damage.
You hit Grinder but do no damage.
Grinder is heavily wounded.
Grinder gestures at you. Pain shoots through your body!
You barely miss Grinder.
Grinder is heavily wounded.
Grinder gestures at you. Pain shoots through your body!
* * * LOW HITPOINT WARNING * * *
Grinder hits you.
* * * LOW HITPOINT WARNING * * *
You writhe in agony.
* * * LOW HITPOINT WARNING * * *
You hit Grinder.
Grinder is poisoned.
Grinder is heavily wounded.
Grinder gestures at you. Pain shoots through your body!
You die...

................##
...................#
.......#.###..##.###
#....>##.# #.###.#
##...###.# #.# #.#
##'## #.# #.. ..#
#.# #.# ### #.# #.#
#.# #5#
###.####.#######@#
#.....##.........#
#......#########.#
.......# #.#
#.#.#..#########.#
#................#
##################


You could see Grinder.

Vanquished Creatures
  An orc priest (D:3)
  2 adders
  An ooze (D:2)
  A worm (D:2)
  5 dart slugs
  4 leopard geckos
  16 orcs
  4 giant cockroaches
  4 goblins (D:1)
  11 hobgoblins
  7 jackals (D:3)
  3 kobolds
  2 quokkas
  9 bats
  3 frilled lizards (D:1)
  12 rats
85 creatures vanquished.

Notes
Turn   | Place    | Note
-------+----------+-------------------------------------------
     0 | D:1      | Laan the Gargoyle Fighter began the quest for the Orb.
     0 | D:1      | Reached XP level 1. HP: 14/14 MP: 1/1
    25 | D:1      | Reached XP level 2. HP: 17/19 MP: 2/2
   169 | D:1      | Reached XP level 3. HP: 15/23 MP: 3/3
   471 | D:2      | Reached XP level 4. HP: 26/29 MP: 4/4
  1209 | D:3      | Reached XP level 5. HP: 29/33 MP: 5/5
  1422 | D:3      | Noticed Grinder
  1425 | D:3      | Paralysed by Grinder for 5 turns
  1432 | D:3      | Paralysed by Grinder for 2 turns
  1436 | D:3      | Paralysed by Grinder for 3 turns
  1455 | D:3      | Paralysed by Grinder for 7 turns
  1470 | D:3      | Killed from afar by Grinder

Vault maps used:
D:1:      roderic_crossed_star
D:3:      uniq_grinder, uniq_robin

Skill      XL: |  1  2  3  4 |
---------------+-------------+-----
Axes           | 2 3 |  3.4
Fighting       | 4 |  4.1
Armour         | 4 |  4.1
Shields        | 4 |  4.1

Action                   |  1- 3 |  4- 6 || total
-------------------------+-------+-------++-------
Melee: War axe           |    81 |   124 ||   205
       Hand axe          |       |    65 ||    65
  Eat: Chunk             |       |     2 ||     2
Armor: Scale mail        |    38 |   104 ||   142
Dodge: Dodged            |    47 |    56 ||   103
Block: Shield            |    62 |    94 ||   156

Table legend:
 A = Spawn XP
 B = Non-spawn XP
 C = Spawn XP percentage of total XP
 D = Spawn monster count
 E = Non-spawn monster count
 F = Spawn count percentage of total count
 G = Total turns spent on level
                    A         B        C        D         E        F      G
               +---------+---------+-------+---------+---------+-------+---------
         Total |       0 |     245 |   0.0 |       0 |      85 |   0.0 |  1470
               +---------+---------+-------+---------+---------+-------+---------
           D:1 |       0 |      50 |   0.0 |       0 |      30 |   0.0 |   424
           D:2 |       0 |      62 |   0.0 |       0 |      19 |   0.0 |   523
           D:3 |       0 |     133 |   0.0 |       0 |      36 |   0.0 |   523
               +---------+---------+-------+---------+---------+-------+---------
